 Dungeon Crawl Stone Soup version 0.19.1-1-g22dce08 (webtiles) character file.

707 Alarkh the Cleaver (level 7, 57/57 HPs)
             Began as a Demonspawn Monk on Jan 7, 2017.
             Quit the game on level 8 of the Dungeon.
             The game lasted 00:06:54 (3505 turns).

Alarkh the Cleaver (Demonspawn Monk)                Turns: 3505, Time: 00:06:54

Health: 57/57      AC: 14    Str: 11    XL:     7   Next: 39%
Magic:  7/7        EV: 10    Int: 15    God:
Gold:   81         SH:  9    Dex: 18    Spells: 0 memorised, 6 levels left

rFire  . . .     SeeInvis +     a - +0 hand axe
rCold  . . .     Gourm    +     u - +2 robe {MR+}
rNeg   . . .     Faith    .     m - +2 shield
rPois  .         Spirit   .     (no helmet)
rElec  .         Reflect  .     x - +2 cloak
rCorr  .         Harm     .     f - +0 pair of gloves
MR     +....                    D - +2 pair of boots
Stlth  ++........               g - amulet of the gourmand
                                (no ring)
                                h - ring of see invisible

@: no status effects
A: molten scales 2, agile 1, clever 1, demonic guardian 1, robust 1, spiny 2,
evolution 1
a: no special abilities


You were on level 8 of the Dungeon.
You were completely stuffed.

You visited 1 branch of the dungeon, and saw 7 of its levels.

You collected 333 gold pieces.
You spent 252 gold pieces at shops.

Inventory:

Hand Weapons
 a - a +0 hand axe (weapon)
Armour
 b - a +0 robe
 f - a +0 pair of gloves (worn)
 m - a +2 shield (worn)
 u - a +2 robe of magic resistance (worn)
 x - a +2 cloak (worn)
 D - a +2 pair of boots (worn)
Magical Staves
 n - an uncursed staff of fire
Jewellery
 g - an amulet of the gourmand (around neck)
 h - a ring of see invisible (left hand)
Wands
 w - a wand of hasting (3/9)
 y - a wand of random effects (26/48)
Scrolls
 d - 3 scrolls of immolation
 e - a scroll of identify
 k - a scroll of enchant armour
 p - 2 scrolls of fear {unknown}
 q - 2 scrolls of recharging {unknown}
 v - a scroll of fog {unknown}
 B - a scroll of magic mapping {unknown}
Potions
 i - a potion of mutation
 s - a potion of curing
 z - 2 potions of might
 A - a potion of berserk rage {unknown}
 C - a potion of brilliance {unknown}
Comestibles
 c - 5 bread rations
 j - a slice of pizza
 l - 5 meat rations
 o - a royal jelly
 r - 2 beef jerkies
 t - a chunk of flesh


   Skills:
 - Level 3.0 Fighting
 + Level 8.0 Axes
 - Level 2.6 Dodging
 - Level 1.7 Stealth


You had 6 spell levels left.
You didn't know any spells.

Dungeon Overview and Level Annotations

Branches:
Dungeon (6/15)             Temple (0/1) D:5

Altars:
Cheibriados
Gozag
Kikubaaqudgha
Qazlal
Vehumet
Xom

Shops:
D:4 !   D:5 !!*


Innate Abilities, Weirdness & Mutations

You are mostly covered in molten scales. (AC +3)
A weak demonic guardian rushes to your aid.
You are mostly covered in sharp spines.
You are agile. (Dex +2)
Your mind is acute. (Int +2)
You are robust. (+10% HP)
You evolve.


Message History

You climb downwards.
Found a whip and a scroll of identify.
There is a stone staircase leading up here.
e - 2 scrolls of identify (gained 1)
Found a short sword.
You now have 65 gold pieces (gained 6).
Found a pair of embroidered boots.
You now have 81 gold pieces (gained 16).
As you read the scroll of identify, it crumbles to dust.
w - a wand of hasting (3/9)
You see here a pair of embroidered boots.
D - a pair of embroidered boots You start putting on your armour.
You continue putting on your pair of embroidered boots. x4
You finish putting on your +2 pair of boots.
There is a shaft here.
You fall through a shaft for 2 floors!
The shaft crumbles and collapses.
Found a war axe.
Unknown command.
Are you sure you want to abandon this character and quit the game? (Confirm with "yes".)

##
.###
...
##..
#..
##.#
#.@#
#.##
.).
#....
+.....
##....
#....
#....


There were no monsters in sight!

Vanquished Creatures
  Sigmund (D:2)
  Duvessa (D:4)
  A centaur (D:5)
  Dowan (D:4)
  A hound (D:5)
  An orc priest (D:5)
  A centaur skeleton (D:4)
  5 orc wizards
  2 adders
  An ooze (D:2)
  2 adder skeletons (D:4)
  A worm (D:4)
  5 dart slugs
  2 leopard geckos
  8 orcs
  A ball python (D:1)
  A bat zombie (D:2)
  3 giant cockroaches
  7 goblins
  7 hobgoblins
  3 quokkas
  A bat (D:3)
  5 frilled lizards
  4 kobolds
  A leopard gecko skeleton (D:2)
  12 rats
  3 rat zombies (D:2)
81 creatures vanquished.

Vanquished Creatures (collateral kills)
  An ogre (D:5)
  An orc wizard (D:5)
  A howler monkey skeleton (D:5)
  2 orcs
5 creatures vanquished.

Grand Total: 86 creatures vanquished

Notes
Turn   | Place    | Note
-------+----------+-------------------------------------------
     0 | D:1      | Alarkh the Demonspawn Monk began the quest for the Orb.
     0 | D:1      | Reached XP level 1. HP: 18/18 MP: 1/1
   122 | D:1      | Reached skill level 3 in Axes
   164 | D:1      | Gained mutation: A weak demonic guardian rushes to your aid. [demonic ancestry]
   164 | D:1      | Reached XP level 2. HP: 15/24 MP: 2/2
   704 | D:2      | Found a stormy altar of Qazlal.
   706 | D:2      | Noticed a water elemental
   707 | D:2      | Noticed an air elemental
   707 | D:2      | Noticed a fire elemental
   707 | D:2      | Noticed an earth elemental
   796 | D:2      | Reached XP level 3. HP: 18/29 MP: 3/3
   930 | D:2      | Noticed Sigmund
   934 | D:2      | Gained mutation: Your mind is acute. (Int +2) [potion of mutation]
   934 | D:2      | Gained mutation: You evolve. [potion of mutation]
   934 | D:2      | Gained mutation: You are robust. (+10% HP) [potion of mutation]
   958 | D:2      | Killed Sigmund
   958 | D:2      | Reached skill level 5 in Axes
   958 | D:2      | Gained mutation: You are partially covered in sharp spines. [demonic ancestry]
   958 | D:2      | Reached XP level 4. HP: 31/38 MP: 4/4
   958 | D:2      | Gained mutation: You are partially covered in molten scales. (AC +2) [demonic ancestry]
   958 | D:2      | Reached XP level 5. HP: 37/45 MP: 5/5
  1077 | D:2      | Found an opulent altar of Gozag.
  1241 | D:2      | Found an ancient bone altar of Kikubaaqudgha.
  1764 | D:3      | Found a radiant altar of Vehumet.
  1952 | D:3      | Gained mutation: You are agile. (Dex +2) [evolution]
  1977 | D:4      | Reached skill level 6 in Axes
  1993 | D:4      | Found Onan's Distillery.
  2001 | D:4      | Bought a potion of curing for 39 gold pieces
  2001 | D:4      | Bought a potion of lignification for 39 gold pieces
  2001 | D:4      | Bought a potion of heal wounds for 65 gold pieces
  2001 | D:4      | Bought a potion of degeneration for 13 gold pieces
  2168 | D:4      | Found a snail-covered altar of Cheibriados.
  2191 | D:4      | Found a shimmering altar of Xom.
  2192 | D:4      | Found a shimmering altar of Xom.
  2194 | D:4      | Found a shimmering altar of Xom.
  2194 | D:4      | Noticed an ogre
  2199 | D:4      | Found a shimmering altar of Xom.
  2279 | D:4      | Noticed Duvessa
  2279 | D:4      | Noticed Dowan
  2287 | D:4      | Killed Duvessa
  2287 | D:4      | Gained mutation: You are mostly covered in molten scales. (AC +3) [demonic ancestry]
  2287 | D:4      | Reached XP level 6. HP: 38/51 MP: 6/6
  2350 | D:4      | Killed Dowan
  2690 | D:5      | Entered Level 5 of the Dungeon
  2865 | D:5      | Reached skill level 7 in Axes
  2934 | D:5      | Found Coifourgh's Distillery.
  2951 | D:5      | Bought a potion of might for 48 gold pieces
  2951 | D:5      | Bought a potion of might for 48 gold pieces
  2977 | D:5      | Gained mutation: You are mostly covered in sharp spines. [demonic ancestry]
  2977 | D:5      | Reached XP level 7. HP: 43/57 MP: 7/7
  2993 | D:5      | Found Urhevye's Distillery.
  3061 | D:5      | Found Mademu's Assorted Antiques.
  3222 | D:5      | Found a staircase to the Ecumenical Temple.
  3289 | D:5      | Reached skill level 8 in Axes
  3504 | D:6      | You fall through a shaft for 2 floors!
  3505 | D:8      | Quit the game

Skill      XL: |  1  2  3  4  5  6  7 |
---------------+----------------------+-----
Axes           | 3 5 6 7 8 |  8.0
Fighting       | |  3.0
Dodging        | |  2.6
Stealth        | |  1.7

Action                   |  1- 3 |  4- 6 |  7- 9 || total
-------------------------+-------+-------+-------++-------
Melee: Hand axe          |    78 |   176 |    20 ||   274
  Use: Potion            |     2 |     2 |       ||     4
       Scroll            |       |     2 |     1 ||     3
 Stab: Sleeping          |     2 |     2 |     3 ||     7
       Distracted        |       |     3 |       ||     3
  Eat: Chunk             |       |    16 |     1 ||    17
Armor: Robe              |     9 |    38 |     6 ||    53
       Skin              |       |     8 |       ||     8
Dodge: Dodged            |    47 |    53 |     6 ||   106
Block: Shield            |       |    60 |     4 ||    64
